Map: Lightshade LE

Players

ViBE

  • Race: Protoss Protoss
  • League: Platinum

Grundle - Winner!

  • Race: Terran Terran
  • League: Master

VOD

Have the link to the VOD?

Description

Time

  • Played on: April 6, 2021, 8:38 p.m.
  • Length: 7:54
Show
View Real Time Build Order
Export as new Build Order

ViBE Protoss 

Build Orders: 1 Gate Expand 

Get SALT Encoding   

  12  0:00  Probe  
  13  0:12  Probe  
  14  0:17  Pylon  
  14  0:24  Probe  
  15  0:36  Probe (Chrono Boost)  
  15  0:38  Gateway  
  16  0:43  Assimilator  
  16  0:48  Probe (Chrono Boost)  
  17  0:52  Probe (Chrono Boost)  
  18  1:04  Probe  
  19  1:17  Probe  
  20  1:25  Nexus  
  20  1:29  Probe  
  21  1:35  Cybernetics Core  
  21  1:41  Probe  
  21  1:44  Assimilator  
  22  1:51  Pylon  
  22  1:53  Probe  
  23  2:09  Probe  
  23  2:10  Pylon, Stalker (Chrono Boost)  
  23  2:13  Warp Gate  
  26  2:21  Probe  
  27  2:28  Pylon  
  27  2:33  Probe  
  27  2:34  Sentry  
  30  2:39  Shield Battery  
  30  2:41  Probe  
  31  2:45  Probe  
  32  2:51  Robotics Facility  
  32  2:55  Probe  
  32  2:57  Probe  
  34  3:03  Gateway  
  34  3:07  Probe  
  34  3:09  Probe  
  36  3:14  Stalker  
  38  3:24  Probe x2  
  35  3:31  Pylon  
  33  3:36  Probe  
  33  3:37  Probe  
  30  3:45  Immortal (Chrono Boost)  
  33  4:05  Sentry x2  
  36  4:12  Probe  
  37  4:33  Pylon  
  37  4:34  Pylon  
  37  4:46  Pylon  
  37  4:48  Immortal (Chrono Boost)  
  37  4:51  Probe  
  42  5:10  Stalker x2  
  46  5:17  Shield Battery  
  46  5:20  Immortal (Chrono Boost)  
  46  5:27  Probe  
  51  5:40  Probe  
  52  5:44  Pylon  
  52  5:52  Observer, Probe  
  54  5:58  Nexus  
  54  6:00  Pylon  
  54  6:07  Probe (Chrono Boost)  
  55  6:19  Probe (Chrono Boost)  
  55  6:23  Immortal  
  60  6:27  Probe (Chrono Boost)  
  61  6:33  Probe  
  61  6:36  Pylon  
  62  6:41  Shield Battery  
  62  6:45  Probe (Chrono Boost)  
  63  6:48  Stalker  
  65  6:57  Probe (Chrono Boost)  
  66  7:06  Probe (Chrono Boost)  
  61  7:12  Probe  
  50  7:16  Probe  
  50  7:22  Stalker x2  
  44  7:24  Probe  
  44  7:28  Probe  
Show
View Real Time Build Order
Export as new Build Order

Grundle Terran - Winner!

Build Orders:  

Get SALT Encoding   

  12  0:00  SCV  
  13  0:12  SCV  
  14  0:17  Supply Depot  
  14  0:31  SCV  
  15  0:47  SCV  
  16  1:00  Barracks  
  16  1:01  Barracks  
  16  1:08  Refinery  
  16  1:11  Refinery, SCV  
  17  1:23  SCV  
  18  1:35  SCV  
  19  1:47  SCV  
  19  1:49  Barracks Tech Lab x2  
  20  1:58  Supply Depot  
  20  2:00  SCV  
  21  2:12  Marauder  
  21  2:15  Concussive Shells  
  23  2:20  Marauder  
  23  2:22  Supply Depot  
  25  2:33  Marauder  
  27  2:39  SCV  
  27  2:41  Marauder  
  30  2:54  Combat Shield  
  30  2:55  Marauder  
  32  3:02  Marauder  
  34  3:16  Marauder  
  36  3:24  Marauder  
  38  4:07  Supply Depot  
  38  4:08  Supply Depot  
  38  4:18  Factory  
  38  4:24  Marauder  
  38  4:26  Marauder  
  38  4:37  Orbital Command  
  38  4:46  Marauder  
  38  4:47  Marauder  
  40  5:07  Marauder  
  40  5:08  Marauder  
  40  5:13  Factory Tech Lab  
  44  5:16  Starport  
  44  5:21  Command Center  
  44  5:32  Siege Tank  
  44  5:33  Marauder  
  44  5:34  Marauder  
  51  5:44  Supply Depot  
  51  5:52  Medivac  
  51  5:55  Marauder  
  51  5:57  Supply Depot  
  55  6:06  Marauder  
  57  6:12  Siege Tank  
  57  6:16  Marauder  
  57  6:17  SCV  
  63  6:27  Marauder  
  65  6:40  Medivac  
  65  6:44  Siege Tank  
  70  6:48  Marauder  
  60  7:19  Marauder x2  
Tags
 
Add a new tag
Caveats
  • Supply blocks, unpowered buildings, or Contaminate may cause inaccurate times.
  • Supply counts are checked every 10 seconds.